 Dungeon Crawl Stone Soup version 0.30.1-11-g7821555f0a (webtiles) character file.

Game seed: 8845319217663656402

99380 pkoi the Destroyer (level 15, -11/124 HPs)
             Began as a Purple Draconian Conjurer on Nov 13, 2023.
             Was the Champion of Cheibriados.
             Killed from afar by a blizzard demon (16 damage)
             ... with a bolt of cold
             ... in an ice cave.
             The game lasted 01:04:20 (27529 turns).

pkoi the Destroyer (Purple Draconian Conjurer)     Turns: 27529, Time: 01:04:22

Health: -11/124    AC: 17    Str: 25    XL:     15   Next: 77%
Magic:  22/38      EV: 20    Int: 46    God:    Cheibriados [******]
Gold:   1163       SH:  0    Dex: 24    Spells: 6/32 levels left

rFire   . . .        S - staff of cold
rCold   + . .        (no shield)
rNeg    . . .        (body armour unavailable)
rPois   +            e - +3 hat of Pondering {ponderous, Will+ MP+10 Int+5}
rElec   .            Q - +1 cloak {Will+}
rCorr   .            K - +2 pair of gloves {hurl}
SInv    .            (no boots)
Will    ++++.        q - amulet of magic regeneration
Stlth   +++++        B - ring of poison resistance
HPRegen 0.40/turn    R - ring of wizardry
MPRegen 0.66/turn

%: wizardry (x1)
@: very slow
A: breathe power, AC +9, unfitting armour, cold-blooded
a: Breathe Dispelling Energy, Renounce Religion, Bend Time, Temporal Distortion,
Slouch, Step From Time


You were in an ice cave.
You worshipped Cheibriados.
Cheibriados was exalted by your worship.
You visited 5 branches of the dungeon, and saw 24 of its levels.
You also visited: Sewer, Bailey and Ice Cave.

You collected 2277 gold pieces.
You spent 1114 gold pieces at shops.

Inventory:

Hand Weapons
 u - a +3 dagger of pain
 y - a +1 dagger of venom
Missiles
 n - 5 throwing nets
 v - 56 poisoned darts
 A - 6 curare-tipped darts
Armour
 e - the +3 hat of Pondering (worn) {ponderous, Will+ MP+10 Int+5}
   (You took it off Gastronok on level 1 of the Lair of Beasts)

   Int:       It affects your intelligence (+5).
   MP:        It affects your magic capacity (+10).
   Will:      It increases your willpower.
 K - a +2 pair of gloves of hurling (worn)
 Q - a +1 cloak of willpower (worn)
Magical Staves
 H - a staff of poison
 M - a staff of conjuration
 S - a staff of cold (weapon)
Jewellery
 j - a +6 ring of dexterity
 k - a ring of flight
 l - a ring of fire
 q - an amulet of magic regeneration (around neck)
 B - a ring of poison resistance (left hand)
 F - a +4 ring of protection
 G - a ring of see invisible
 R - a ring of wizardry (right hand)
Wands
 p - a wand of flame (35)
 t - a wand of paralysis (8)
 w - a wand of mindburst (25)
 D - a wand of iceblast (12)
 O - a wand of digging (3)
 P - a wand of polymorph (4)
Scrolls
 f - 8 scrolls of teleportation
 g - 3 scrolls of fear
 i - 13 scrolls of identify
 m - 3 scrolls of fog
 o - 3 scrolls of amnesia
 r - 7 scrolls of enchant weapon
 x - 3 scrolls of butterflies
 C - a scroll of silence
 E - 2 scrolls of blinking
 I - 4 scrolls of enchant armour
 J - 2 scrolls of brand weapon
 L - 2 scrolls of magic mapping
Potions
 a - 5 potions of magic
 b - 7 potions of invisibility
 c - 7 potions of heal wounds
 d - 14 potions of curing
 h - 3 potions of brilliance
 s - 2 potions of ambrosia
 z - 2 potions of flight
 N - a potion of cancellation
 T - a potion of berserk rage


   Skills:
 - Level 9.0 Fighting
 - Level 9.0 Dodging
 - Level 9.0 Stealth
 - Level 9.0 Spellcasting
 + Level 13.4 Conjurations
 + Level 8.7 Hexes
 - Level 6.0 Translocations
 * Level 12.1 Ice Magic
 - Level 6.0 Poison Magic
 - Level 12.0 Invocations


You had 6 spell levels left.
You knew the following spells:

 Your Spells              Type           Power      Damage    Failure   Level
a - Magic Dart            Conj           100%       1d8       0%          1
b - Searing Ray           Conj           100%       2d8       0%          2
c - Fulminant Prism       Conj/Hex       44%        3d19      1%          4
d - Iskenderun's Mystic   Conj/Tloc      83%        2d16      1%          4
e - Apportation           Tloc           100%       N/A       1%          1
f - Frozen Ramparts       Ice            100%       1d16      1%          3
g - Olgreb's Toxic Radia  Pois           66%        N/A       1%          4
h - Ozocubu's Refrigerat  Ice            57%        4d20      3%          7

Your spell library contained the following spells:

 Spells                   Type           Power      Damage    Failure   Level
 Freeze                   Ice            100%       1d10      0%          1
 Hailstorm                Conj/Ice       100%       3d20      0%          3
 Necrotise                Necr           80%        1d8       1%          1
 Sting                    Tmut/Pois      100%       1d8       1%          1
 Summon Small Mammal      Summ           80%        N/A       1%          1
 Poisonous Vapours        Pois/Air       96%        N/A       1%          2
 Sublimation of Blood     Necr           20%        N/A       1%          2
 Wereblood                Tmut           20%        N/A       1%          2
 Dazzling Flash           Conj/Hex       100%       N/A       1%          3
 Alistair's Intoxication  Tmut/Pois      32%        N/A       4%          5
 Simulacrum               Ice/Necr       42%        N/A       7%          6
 Borgnjor's Vile Clutch   Necr/Erth      10%        N/A       14%         5
 Eringya's Noxious Bog    Tmut/Pois      24%        N/A       22%         6
 Polar Vortex             Ice            57%        N/A       97%         9
 Summon Hydra             Summ           10%        N/A       98%         7


Dungeon Overview and Level Annotations

Branches:
Dungeon (14/15)            Temple (1/1) D:5            Lair (5/5) D:10
  Swamp (2/4) Lair:2        Snake (0/4) Lair:3        Slime (0/5) Lair:5
    Orc (2/2) D:9             Elf (0/3) Orc:2        Vaults (0/5) D:13
  Sewer (visited)          Bailey (visited)           IceCv (1/1)

Altars:
Ashenzari
Cheibriados
Dithmenos
Elyvilon
Fedhas
Gozag
Hepliaklqana
Kikubaaqudgha
Makhleb
Nemelex Xobeh
Okawaru
Qazlal
Ru
Sif Muna
Trog
Uskayaw
Vehumet
Wu Jian
Xom
Yredelemnul
Zin
The Shining One

Shops:
D:5 =   D:10 *   D:11 !?*   Orc:2 (=[*[

Annotations:
Orc:2 2 transporters, safid's ghost, journeyman MfIE


Innate Abilities, Weirdness & Mutations

You can breathe bolts of dispelling energy.
Your rich purple scales are hard. (AC +9)
You cannot fit into any form of body armour.
You are cold-blooded and may be slowed by cold attacks.


Message History

You are engulfed in freezing vapours.
You resist.
An alligator simulacrum comes into view.
Your fulminant prism explodes!
The blast of energy engulfs the blizzard demon!!
The blizzard demon is moderately wounded.
The blast of energy engulfs the blizzard demon!!
The blizzard demon is almost dead.
The blast of energy engulfs the spriggan defender simulacrum!!
The spriggan defender simulacrum is severely damaged.
You are engulfed in freezing vapours.
You resist.
The blizzard demon is engulfed in freezing vapours.
The spriggan defender simulacrum hits you but does no damage.
Unknown command.
Unknown command.
Casting: Fulminant Prism (safe; 1% risk of failure)
Confirm with . or Enter, or press ? or * to list all spells.
Aiming: Fulminant Prism (safe; 1% risk of failure)
Press: ? - help, Dir - move target You conjure a prism of explosive energy!
A fulminant prism comes into view.
You are engulfed in freezing vapours.
You resist.
* * * LOW HITPOINT WARNING * * *
The spriggan defender simulacrum hits you!
* * * LOW HITPOINT WARNING * * *
The spriggan defender simulacrum freezes you!
You resist.
* * * LOW HITPOINT WARNING * * *
The blizzard demon is engulfed in freezing vapours.
The blizzard demon gestures at you.
The bolt of cold hits the spriggan defender simulacrum.
The spriggan defender simulacrum completely resists.
The bolt of cold misses you.
Blink to where?
Press: ? - help, Dir - move target
As you read the scroll of blinking, it crumbles to dust.
The blizzard demon is engulfed in freezing vapours.
The blizzard demon gestures at you.
The bolt of cold misses the spriggan defender simulacrum.
The bolt of cold hits you! You resist.
You die...

#...##.##
#......#~...#
#.######
##.§..##.#..#
### #.§§§§#
.#.## #○§§§.#
##.. ##○§§.#
#.# ##.☼§#
##..# #.##
#@# ##.# #°°#
#○.# #Z##
#22# ##.*#
.Z# #.#


You could see a blizzard demon and a spriggan defender simulacrum (distracted).

Vanquished Creatures
  Gastronok (Lair:1)
  An orc warlord (Orc:2)
  A bunyip (Swamp:2)
  2 shambling mangroves (Swamp:1)
  Harold (Orc:1)
  2 hydras
  2 centaur warriors
  4 alligators
  2 dancing weapons (D:13)
  4 two-headed ogres
  2 boulder beetles
  6 death yaks (Lair:5)
  4 orc high priests (Orc:2)
  Sonja (D:12)
  A goliath frog (Swamp:1)
  A spriggan druid (Swamp:1)
  3 skysharks
  An obsidian statue (IceCv)
  A bog body (Swamp:1)
  A swamp dragon (Lair:3)
  5 spriggan simulacra
  5 orc knights
  Pikel (D:7)
  4 orc sorcerers (Orc:2)
  A manticore (D:12)
  6 ugly things
  An oklob plant (Lair:3)
  A will-o-the-wisp (Lair:2)
  A cyclops (Orc:1)
  Maurice (Orc:1)
  35 elephants
  6 black mambas
  2 gargoyles
  15 cane toads
  5 unseen horrors
  A kobold demonologist (D:14)
  A komodo dragon (shapeshifter) (D:13)
  3 rime drakes
  3 freezing wraiths (IceCv)
  A golden dragon simulacrum (IceCv)
  4 komodo dragons
  2 anaconda simulacra
  A bloated husk (Swamp:1)
  4 trolls
  8 ice devils (IceCv)
  6 polar bears
  3 tyrant leeches
  4 blink frogs (Lair:5)
  12 hornets
  Sigmund (D:3)
  A wraith (D:12)
  50 yaks
  3 shadows
  17 spriggans
  3 wyverns
  2 vampires
  A steam dragon (Bailey)
  3 basilisks
  Grum (Lair:1)
  11 vampire mosquitoes
  6 minotaur simulacra
  4 harpy simulacra
  3 wargs
  A naga (Lair:3)
  5 swamp worms (Swamp:1)
  12 water moccasins
  An acid dragon (D:10)
  36 orc warriors
  6 black bears
  3 swamp drakes
  3 sky beasts
  16 ogres
  An ettin simulacrum (IceCv)
  An alligator simulacrum (IceCv)
  4 boggarts (Lair:5)
  8 centaurs
  36 wolves
  3 lemures (D:7)
  7 kobold brigands
  A phantom (D:4)
  11 bullfrogs
  10 deep troll simulacra
  6 gnoll sergeants
  5 scorpions
  A wight (D:8)
  2 lindwurm simulacra
  10 killer bees
  7 electric eels (D:10)
  10 howler monkeys
  7 hounds
  4 jellies (Lair:5)
  25 orc priests
  A gnoll bouda (D:9)
  A sleepcap (D:5)
  2 iguanas
  25 orc wizards
  Natasha (thrice) (D:4)
  26 gnolls
  13 adders
  4 river rats (Sewer)
  A shadow imp (D:6)
  2 white imps
  2 ufetubi
  2 dart slugs
  72 orcs
  13 ball pythons
  9 endoplasms
  3 giant cockroaches
  6 hobgoblins
  8 jackals
  17 kobolds
  2 quokkas
  3 bats
  3 frilled lizards
  9 goblins
  9 rats
  A fulminant prism (D:13)
768 creatures vanquished.

Vanquished Creatures (others)
  2 foxfires (Lair:2)
  125 fulminant prisms
127 creatures vanquished.

Grand Total: 895 creatures vanquished

Notes
Turn   | Place    | Note
-------+----------+-------------------------------------------
     0 | D:1      | pkoi the Draconian Conjurer began the quest for the Orb.
     0 | D:1      | Reached XP level 1. HP: 14/14 MP: 3/3
   330 | D:1      | Reached XP level 2. HP: 20/20 MP: 3/5
   367 | D:1      | Learned a level 2 spell: Searing Ray
  1401 | D:2      | Reached skill level 5 in Conjurations
  1414 | D:2      | Reached XP level 3. HP: 26/26 MP: 3/6
  2086 | D:3      | Found a snail-covered altar of Cheibriados.
  2092 | D:3      | Found a hide-covered altar of Uskayaw.
  2099 | D:3      | Found a shimmering altar of Xom.
  2099 | D:3      | Found a blossoming altar of Fedhas.
  2376 | D:3      | Found an iron altar of Okawaru.
  2396 | D:3      | Became a worshipper of Cheibriados the Contemplative
  2582 | D:3      | Noticed Sigmund
  2592 | D:3      | Killed Sigmund
  2593 | D:3      | Reached skill level 6 in Conjurations
  2593 | D:3      | Reached XP level 4. HP: 33/33 MP: 1/8
  2593 | D:3      | Reached XP level 5. HP: 38/38 MP: 1/9
  2855 | D:3      | Noticed an ogre
  2929 | D:3      | Killed an ogre
  2930 | D:3      | Reached XP level 6. HP: 28/45 MP: 3/10
  3054 | D:4      | Reached * piety under Cheibriados
  3242 | D:4      | Learned a level 4 spell: Fulminant Prism
  3247 | D:4      | Learned a level 4 spell: Iskenderun's Mystic Blast
  3263 | D:4      | Noticed Natasha
  3275 | D:4      | Killed Natasha
  3278 | D:4      | Noticed Natasha
  3295 | D:4      | Killed Natasha
  3405 | D:4      | Noticed a water moccasin
  3425 | D:4      | Killed a water moccasin
  3426 | D:4      | Reached skill level 1 in Hexes
  3426 | D:4      | Reached skill level 1 in Translocations
  3426 | D:4      | Your scales start taking on a rich purple colour.
  3426 | D:4      | Reached XP level 7. HP: 30/50 MP: 0/12
  3610 | D:4      | Found a stormy altar of Qazlal.
  3678 | D:4      | Found an ancient bone altar of Kikubaaqudgha.
  3697 | D:4      | Noticed Natasha
  3703 | D:4      | Killed Natasha
  3844 | D:4      | Learned a level 1 spell: Apportation
  3929 | D:4      | Reached skill level 7 in Conjurations
  4128 | D:5      | Entered Level 5 of the Dungeon
  4495 | D:5      | Reached ** piety under Cheibriados
  4527 | D:5      | Found a glowing drain.
  4533 | Sewer    | Entered a sewer
  5375 | D:5      | Found a staircase to the Ecumenical Temple.
  5380 | D:5      | Found Ivirist's Jewellery Emporium.
  5498 | D:5      | Reached XP level 8. HP: 57/57 MP: 3/13
  5609 | D:5      | Reached skill level 5 in Invocations
  5645 | D:5      | Reached *** piety under Cheibriados
  6360 | D:6      | Reached skill level 1 in Fighting
  7203 | D:6      | Reached **** piety under Cheibriados
  8117 | D:7      | Noticed Pikel
  8129 | D:6      | Reached skill level 8 in Conjurations
  8129 | D:6      | Reached XP level 9. HP: 18/68 MP: 4/14
  9244 | D:7      | Killed Pikel
  9245 | D:7      | Reached skill level 5 in Stealth
  9969 | D:8      | Reached ***** piety under Cheibriados
  9970 | D:8      | Reached skill level 9 in Conjurations
 10256 | D:8      | Identified the +5 ring mail "Syotere" {rPois rC+ MP+9
                  | Slay+3}
 10279 | D:8      | Reached XP level 10. HP: 75/77 MP: 5/16
 10753 | Temple   | Entered the Ecumenical Temple
 11025 | D:9      | Reached skill level 10 in Conjurations
 11363 | D:9      | Learned a level 3 spell: Frozen Ramparts
 11689 | D:9      | Reached skill level 1 in Ice Magic
 12218 | D:9      | Found a glowing silver altar of Zin.
 12259 | D:9      | Noticed a two-headed ogre
 12275 | D:9      | Killed a two-headed ogre
 12276 | D:9      | Reached skill level 10 in Invocations
 12285 | D:9      | Reached XP level 11. HP: 77/82 MP: 3/18
 12453 | D:9      | Found a staircase to the Orcish Mines.
 12560 | D:9      | Reached ****** piety under Cheibriados
 12912 | D:10     | Entered Level 10 of the Dungeon
 13125 | D:10     | Reached skill level 11 in Conjurations
 13141 | D:10     | Found a flagged portal.
 13151 | Bailey   | Entered a bailey
 13192 | Bailey   | Reached skill level 5 in Spellcasting
 13202 | Bailey   | Learned a level 4 spell: Olgreb's Toxic Radiance
 13468 | Bailey   | Noticed a two-headed ogre
 13479 | Bailey   | Killed a two-headed ogre
 13480 | Bailey   | Reached skill level 1 in Poison Magic
 14409 | D:10     | Found Boduig's Island Escapes.
 14478 | D:10     | Found a staircase to the Lair.
 14794 | D:11     | Noticed a two-headed ogre
 14800 | D:11     | Killed a two-headed ogre
 15047 | Lair:1   | Entered Level 1 of the Lair of Beasts
 15058 | Lair:1   | Noticed Gastronok
 15073 | Lair:1   | Killed Gastronok
 15074 | Lair:1   | Reached skill level 5 in Hexes
 15147 | Lair:1   | Reached XP level 12. HP: 63/89 MP: 3/20
 15180 | Lair:1   | Reached skill level 5 in Dodging
 15183 | Lair:1   | Reached skill level 5 in Translocations
 15816 | Lair:1   | Reached skill level 5 in Ice Magic
 15838 | Lair:1   | Noticed Grum
 15842 | Lair:1   | Killed Grum
 16624 | Lair:2   | Found a staircase to the Swamp.
 17620 | Lair:3   | Identified the +8 falchion of the Wonderful God {antimagic,
                  | rElec rPois Dex+3 Stlth-}
 17627 | Lair:3   | Reached skill level 12 in Conjurations
 17698 | Lair:3   | Reached XP level 13. HP: 94/94 MP: 21/22
 17833 | Lair:3   | Reached skill level 5 in Poison Magic
 18057 | Lair:3   | Found a staircase to the Snake Pit.
 19599 | Lair:5   | Entered Level 5 of the Lair of Beasts
 19609 | Lair:5   | Reached skill level 5 in Fighting
 20056 | Lair:5   | Reached XP level 14. HP: 37/108 MP: 23/23
 20405 | Lair:5   | Reached skill level 13 in Conjurations
 21461 | Lair:5   | Found a staircase to the Slime Pits.
 22035 | D:11     | Found Neoklucyoc's Magic Scroll Shoppe.
 22043 | D:11     | Bought a scroll of teleportation for 45 gold pieces
 22043 | D:11     | Bought a scroll of teleportation for 45 gold pieces
 22043 | D:11     | Bought a scroll of teleportation for 45 gold pieces
 22158 | D:11     | Found Zewnuif's Assorted Antiques.
 22177 | D:11     | Bought a potion of heal wounds for 125 gold pieces
 22177 | D:11     | Bought a potion of curing for 75 gold pieces
 22196 | D:11     | Found Idugh's Distillery.
 22201 | D:11     | Bought a potion of heal wounds for 70 gold pieces
 22446 | D:12     | You fall into a shaft and drop 2 floors!
 23092 | D:12     | Noticed Sonja
 23095 | D:12     | Killed Sonja
 23677 | D:13     | Found a gate to the Vaults.
 23945 | D:10     | Bought a scroll of teleportation for 36 gold pieces
 23945 | D:10     | Bought a wand of digging (3) for 151 gold pieces
 23962 | D:10     | Learned a level 7 spell: Ozocubu's Refrigeration
 24019 | Orc:1    | Entered Level 1 of the Orcish Mines
 24019 | Orc:1    | Noticed Maurice
 24019 | Orc:1    | Noticed Harold
 24029 | Orc:1    | Killed Harold
 24030 | Orc:1    | Killed Maurice
 24092 | Orc:1    | Reached XP level 15. HP: 110/118 MP: 13/27
 24499 | Orc:2    | Entered Level 2 of the Orcish Mines
 24499 | Orc:2    | Found Bummitz's Antique Armour Emporium.
 24581 | Orc:2    | Reached skill level 10 in Ice Magic
 25154 | Orc:2    | Bought a runed cloak for 225 gold pieces
 25228 | Orc:2    | Found a staircase to the Elven Halls.
 25373 | Orc:2    | Found Wonuledo's Antique Armour Shop.
 25374 | Orc:2    | Found Vam Vaef's Antique Weapon Boutique.
 25376 | Orc:2    | Found Tuxofre's General Store.
 25376 | Orc:2    | Found Tats's Jewellery Shop.
 25383 | Orc:2    | Bought a polished quarterstaff for 297 gold pieces
 25383 | Orc:2    | Identified the +4 quarterstaff of Ragnarok {antimagic, Fly}
                  | (You bought it in a shop on level 2 of the Orcish Mines)
 25465 | Orc:2    | Found a bloodstained altar of Trog.
 25465 | Orc:2    | Noticed safid's ghost (journeyman MfIE)
 25476 | Orc:2    | Found a transporter.
 25484 | Orc:2    | Found a transporter.
 25715 | Swamp:1  | Entered Level 1 of the Swamp
 26762 | Swamp:2  | Found a frozen archway.
 26779 | IceCv    | Entered an ice cave
 27528 | IceCv    | HP: 5/124 [spriggan defender simulacrum (8)]
 27529 | IceCv    | Killed from afar by a blizzard demon

Illustrated notes

Levels and vault maps discovered:
D:1:      dpeg_arrival_snail, layout_rooms, minmay_stone_trees_small
D:2:      layout_loops_ring, roderic_lattice_a,
          wander_ebering_terrifying_dragon_lair
D:3:      layout_basic, nicolae_overflow_hallway_of_the_gods,
          minmay_ogre_servants, uniq_sigmund
D:4:      layout_rooms, mainiacjoe_overflow_big_doors, uniq_natasha
D:5:      nicolae_cairo_tiling, layout_rooms, gup_sewer_entry_bubbles,
          roderic_roman_lattice, minmay_shop_enchanted_jewellery
D:6:      layout_loops_ring
D:7:      layout_loops_ring, ldierk_geyser, uniq_pikel
D:8:      layout_basic, minmay_bent
D:9:      minmay_general_purpose_star, layout_loops_cross,
          mainiacjoe_overflow_boulevard, kennysheep_orc_monster_closet_entryway,
          minivault_16, chequers_serial_rivers_micro_a
D:10:     layout_long_grid, erik_lair_island, enter_bailey_6,
          kennysheep_minor_cross, nicolae_island_escapes
D:11:     layout_rooms, serial_shops, shop, shop,
          nicolae_shop_temple_entry_statues_fountains,
          nicolae_figureground_sparkle
D:12:     layout_irregular_city, uniq_sonja
D:13:     layout_roguey, erik_vaults_1
D:14:     layout_stronghold, hangedman_decor_points, enter_trove_3
Temple:   jpeg_temple_clearing
Lair:1:   layout_cave_shapes, gauntlet_entry_generic, cheibrodos_lair_lostbears,
          uniq_gastronok, uniq_grum
Lair:2:   layout_small_grid, minmay_swamp_entry_wisps
Lair:3:   layout_roguey, guppyfry_snake_entry_island, minmay_hedge_maze, pond
Lair:4:   layout_gridlike
Lair:5:   minmay_lair_end_enchanted_forest, layout_cave_pods,
          nicolae_slime_entry_field_trip, serial_bayou_shore_a
Swamp:1:  layout_basic_swamp, nicolae_swamp_oxbows, swamp_pool1,
          infiniplex_staircase_pool
Swamp:2:  layout_falls_marsh, ebering_ghost_inner_flame,
          portal_ice_cave_entry_ice_simulacra, evilmike_swamp_ruin_house_5
Orc:1:    layout_caves, uniq_maurice, uniq_harold
Orc:2:    st_orc_congregation, layout_diamond_mine, serial_shops, shop,
          gammafunk_ghost_wrathful_warriors
IceCv:    ice_cave_caverns_03

Skill      XL: |  1  2  3  4  5  6  7  8  9 10 11 12 13 14 15 |
---------------+----------------------------------------------+-----
Conjurations   | 5 6 7 8 9 10 11 12 13 | 13.4
Spellcasting   | 3 4 5 6 8 9 |  9.0
Invocations    | 2 3 4 6 8 10 11 12 | 12.0
Hexes          | 1 2 3 5 6 7 8 |  8.7
Translocations | 1 2 3 4 6 |  6.0
Stealth        | 2 4 6 7 8 9 |  9.0
Dodging        | 3 4 6 7 8 9 |  9.0
Fighting       | 2 3 5 7 9 |  9.0
Ice Magic      | 2 4 5 6 9 12 | 12.1
Poison Magic   | 2 4 6 |  6.0

Action                     |  1- 3 |  4- 6 |  7- 9 | 10-12 | 13-15 || total
---------------------------+-------+-------+-------+-------+-------++-------
  Melee: Unarmed           |     4 |       |       |       |       ||     4
         Tailslap          |     4 |     3 |     7 |    15 |    32 ||    61
         Dagger            |    10 |    39 |    43 |       |       ||    92
         Punch             |       |       |     2 |       |     1 ||     3
         Staff             |       |       |       |    58 |   170 ||   228
   Cast: Magic Dart        |    81 |    35 |   202 |   101 |   153 ||   572
         Searing Ray       |     1 |     6 |    54 |    66 |     2 ||   129
         Iskenderun's Myst |       |       |     1 |    83 |   252 ||   336
         Fulminant Prism   |       |       |       |    52 |    75 ||   127
         Frozen Ramparts   |       |       |       |    17 |    18 ||    35
         Olgreb's Toxic Ra |       |       |       |     1 |   127 ||   128
         Ozocubu's Refrige |       |       |       |       |    24 ||    24
Ability: Breathe Dispellin |       |       |     1 |     1 |       ||     2
  Evoke: Wand              |       |     1 |     8 |     4 |       ||    13
    Use: Scroll            |       |       |    17 |     4 |     6 ||    27
         Potion            |       |       |     1 |     2 |       ||     3
 Armour: Skin              |     6 |    13 |    64 |   133 |   207 ||   423
  Dodge: Dodged            |    22 |    40 |   129 |   264 |   450 ||   905
